 Dungeon Crawl Stone Soup version 0.19.1-1-g22dce08 (webtiles) character file.

257066 kae the Bludgeoner (level 20, -8/166 HPs)
             Began as a Formicid Fighter on Jan 5, 2017.
             Was the Champion of Okawaru.
             Mangled by a very large slime creature (26 damage)
             ... on level 2 of the Vaults on Jan 9, 2017.
             The game lasted 01:08:29 (37518 turns).

kae the Bludgeoner (Formicid Fighter)              Turns: 37518, Time: 01:08:30

Health: -8/166     AC: 31    Str: 36      XL:     20   Next: 63%
Magic:  41/41      EV: 16    Int:  9 (11) God:    Okawaru [******]
Gold:   3244       SH: 22    Dex: 22      Spells: 0 memorised, 19 levels left

rFire  . . .     SeeInvis +     o - +10 flail of Guile {crush, Dex+7}
rCold  + + .     Gourm    .     R - +0 swamp dragon scales of the Sea {rElec rPois Str+7 Stlth+}
rNeg   . . .     Faith    .     y - +5 shield {AC+3}
rPois  +         Spirit   .     (helmet unavailable)
rElec  +         Reflect  .     N - +2 cloak of Intercession {*Drain rC+ MP+9 Int+2}
rCorr  .         Harm     .     p - +2 pair of gloves {archery}
MR     ++...                    D - +0 pair of boots of Elyvilon's Benevolence {rC+}
Stlth  ++++......               G - amulet of regeneration
                                w - +5 ring of dexterity
                                k - +5 ring of protection

@: heroism, very slightly contaminated, invisible
A: permanent stasis, dig shafts and tunnels, four strong arms, antennae 3
a: Dig, Shaft Self, Heroism, Finesse, Renounce Religion
}: 2/15 runes: decaying, gossamer


You were on level 2 of the Vaults.
You worshipped Okawaru.
Okawaru was exalted by your worship.
You were not hungry.

You visited 7 branches of the dungeon, and saw 34 of its levels.
You visited the Abyss 1 time.
You also visited: Labyrinth and Ice Cave.

You collected 3861 gold pieces.
You spent 617 gold pieces at shops.

Inventory:

Hand Weapons
 a - the +9 whip of Turmoil {flame, Dex+4}
   (You took it off an orc wizard on level 6 of the Dungeon)

   It has been specially enchanted to burn those struck by it, causing extra
   injury to most foes and up to half again as much damage against particularly
   susceptible opponents.
   It affects your dexterity (+4).
 b - a +1 arbalest of freezing
 n - the +11 fustibalus of Heav {freeze, rC+ rN+ Str+2 Int+4}
   (Okawaru gifted it to you on level 3 of the Spider Nest)

   It causes projectiles fired from it to freeze those they strike, causing
   extra injury to most foes and up to half again as much damage against
   particularly susceptible opponents.
   They can also slow down cold-blooded creatures.
   It affects your strength (+2).
   It affects your intelligence (+4).
   It protects you from cold.
   It protects you from negative energy.
 o - the +10 flail of Guile (weapon) {crush, Dex+7}
   (Okawaru gifted it to you on level 2 of the Orcish Mines)

   It inflicts extra damage upon your enemies.
   It affects your dexterity (+7).
 Z - the +7 flail "Poomepue" {flame, rN+++ Str-4 Int-3}
   (Okawaru gifted it to you on level 6 of the Lair of Beasts)

   It has been specially enchanted to burn those struck by it, causing extra
   injury to most foes and up to half again as much damage against particularly
   susceptible opponents.
   It affects your strength (-4).
   It affects your intelligence (-3).
   It renders you almost immune to negative energy.
Armour
 p - a +2 pair of gloves of archery (worn)
 y - a +5 shield of protection (worn)
 A - the +4 plate armour "Oceexeun" {Str+2 Int+2 Stlth+}
   (Okawaru gifted it to you on level 13 of the Dungeon)

   It affects your strength (+2).
   It affects your intelligence (+2).
   It makes you more stealthy.
 D - the +0 pair of boots of Elyvilon's Benevolence (worn) {rC+}
   (You found it on level 6 of the Dungeon)

   It protects you from cold.
 N - the +2 cloak of Intercession (worn) {*Drain rC+ MP+9 Int+2}
   (Okawaru gifted it to you on level 4 of the Spider Nest)

   It affects your intelligence (+2).
   It protects you from cold.
   It affects your magic capacity (+9).
   It causes draining when unequipped.
 R - the +0 swamp dragon scales of the Sea (worn) {rElec rPois Str+7 Stlth+}
   (Okawaru gifted it to you on level 2 of the Lair of Beasts)

   It affects your strength (+7).
   It insulates you from electricity.
   It protects you from poison.
   It makes you more stealthy.
Jewellery
 k - a +5 ring of protection (left hand)
 r - an uncursed ring of protection from fire
 t - an uncursed ring of positive energy
 w - a +5 ring of dexterity (right hand)
 G - an amulet of regeneration (around neck)
 X - an uncursed ring of resist corrosion
Wands
 u - a wand of iceblast (7/15)
Scrolls
 d - 5 scrolls of identify
 i - 14 scrolls of remove curse
 s - 2 scrolls of enchant armour
 z - 3 scrolls of enchant weapon
 F - 4 scrolls of recharging
 L - 2 scrolls of fog
 M - 4 scrolls of fear
 Q - a scroll of amnesia
 Y - a scroll of magic mapping
Potions
 c - 3 potions of brilliance
 e - 4 potions of lignification
 g - 2 potions of cure mutation
 h - 3 potions of magic
 j - 6 potions of agility
 l - 10 potions of curing
 m - 2 potions of resistance
 q - 9 potions of flight
 B - 6 potions of cancellation
 C - 5 potions of invisibility
 H - 2 potions of ambrosia
 O - 4 potions of mutation
 P - 3 potions of might
Books
 K - a book of Beasts

   Spells                             Type                      Level
   a - Summon Butterflies             Summoning                    1
   b - Call Canine Familiar           Summoning                    3
   c - Summon Ice Beast               Ice/Summoning                4
   d - Summon Mana Viper              Hexes/Summoning              5
   e - Summon Hydra                   Summoning                    7
 S - a book of Misfortune

   Spells                             Type                      Level
   a - Confusing Touch                Hexes                        1
   b - Confuse                        Hexes                        3
   c - Gell's Gravitas                Hexes/Translocation          3
   d - Petrify                        Transmutation/Earth          4
   e - Metabolic Englaciation         Hexes/Ice                    5
   f - Yara's Violent Unravelling     Hexes/Transmutation          5
 W - a book of Maledictions

   Spells                             Type                      Level
   a - Corona                         Hexes                        1
   b - Ensorcelled Hibernation        Hexes/Ice                    2
   c - Confuse                        Hexes                        3
   d - Tukima's Dance                 Hexes                        3
   e - Dazzling Spray                 Conjuration/Hexes            3
Comestibles
 f - 16 bread rations
 v - a royal jelly
 x - a fruit
 E - 6 chunks of flesh
 J - 2 beef jerkies


   Skills:
 + Level 16.5(21.5) Fighting
 * Level 20.6(25.6) Maces & Flails
 + Level 16.7(21.7) Armour
 - Level 11.0(16.0) Shields
 + Level 16.9 Invocations


You had 19 spell levels left.
You didn't know any spells.

Dungeon Overview and Level Annotations

Branches:
Dungeon (15/15)            Temple (1/1) D:5            Lair (6/6) D:8
  Swamp (4/4) Lair:4       Spider (4/4) Lair:4        Slime (0/5) Lair:6
    Orc (2/2) D:9             Elf (0/3) Orc:2        Vaults (2/5) D:13
 Depths (0/5) D:15
  Crypt: Vaults:2-3

Altars:
Ashenzari
Cheibriados
Dithmenos
Elyvilon
Fedhas
Gozag
Hepliaklqana
Kikubaaqudgha
Makhleb
Nemelex Xobeh
Okawaru
Qazlal
Ru
Sif Muna
Trog
Uskayaw
Vehumet
Xom
Yredelemnul
Zin
The Shining One
Beogh
Jiyva

Shops:
D:7 !   Orc:2 :[[(

Portals:
Bazaar: Vaults:1


Innate Abilities, Weirdness & Mutations

You are under a permanent stasis effect.
You can dig through walls and to a lower floor.
Your four strong arms can wield two-handed weapons with a shield.
You have a pair of large antennae on your head. (SInv)


Message History

A slime creature comes into view.
You sock the glowing orange brain!
You are no longer terrified.
You kill the glowing orange brain!
Okawaru accepts your kill.
The stone giant dissolves into shadows!
The wolf spider dissolves into shadows!
You block the slime creature's attack.
The vault warden hits you from afar with a glaive!!
* * * LOW HITPOINT WARNING * * *
A slime creature comes into view.
You bludgeon the death knight!!
The death knight is moderately wounded.
The slime creature quivers.
You feel better.
Two slime creatures merge to form a large slime creature.
Two slime creatures merge to form a very large slime creature.
You block the vault warden's attack.
You feel better.
The very large slime creature hits you!!
You die...

##.........###
.............
.............
...........$
......... #.....#
#.(.#
##########+######
#
.......@)p........
.
(......J..........
.
.....J....######+#
#.. .....J.p..#
#.. ..J.J.....#
#.. ..........#
#.. ..........#
#.. ..........#
#.. ..........# {
#..


You could see a vault warden, a death knight (wandering), a very large slime
creature and 4 slime creatures.

Vanquished Creatures
  Bai Suzhen (Spider:3)
  Nikola (Spider:1)
  Arachne (Spider:2)
  Jorgrun (Swamp:3)
  3 thorn hunters
  Kirke (Swamp:3)
  Gastronok (D:8)
  A vault warden (Vaults:2)
  A frost giant (IceCv)
  8 ghost moths
  An orc warlord (Orc:2)
  Louise (D:14)
  4 emperor scorpions
  2 stone giants
  2 ironheart preservers (Vaults:2)
  2 entropy weavers
  A vampire knight (Vaults:2)
  Nessos (Lair:4)
  The ghost of Lluna the Spry, a journeyman SpEn of Jiyva (Swamp:2)
  2 spark wasps
  Snorg (Lair:4)
  4 fire dragons
  A yaktaur captain (Vaults:1)
  A minotaur (Lab)
  Erolcha (Orc:1)
  Harold (D:12)
  22 hydras
  The ghost of markt42 the Severer, a journeyman MiFi of Okawaru (D:11)
  3 ice dragons
  The ghost of Apogee the Severer, a journeyman MiFi of Hepliaklqana (D:12)
  2 ghost crabs (Swamp:2)
  Fannar (Lair:1)
  Erica (D:8)
  6 alligators
  7 centaur warriors
  3 ogre magi
  2 death yaks (IceCv)
  The ghost of Quirk the Cleaver, a novice DsFi of Okawaru (IceCv)
  A vampire mage (Vaults:2)
  2 orc high priests (Orc:2)
  Urug (Lair:2)
  2 deep elf knights (Vaults:2)
  Nergalle (Orc:1)
  5 skeletal warriors (D:14)
  5 unseen horrors
  A deep troll (Vaults:2)
  A glowing orange brain (Vaults:2)
  3 spriggan druids
  6 shambling mangroves
  A deep elf archer (Vaults:2)
  2 ironbrand convokers (Vaults:1)
  7 swamp dragons
  3 wizards
  19 orb spiders
  3 hill giants
  4 orc knights
  2 lindwurms (Swamp:4)
  Pikel (D:8)
  2 necromancers
  A harpy (shapeshifter) (D:13)
  3 deep elf magi
  3 orc sorcerers (Orc:2)
  6 cyclopes
  29 ugly things
  23 wolf spiders
  3 moths of wrath
  3 manticores
  15 elephants
  2 vault sentinels (Vaults:1)
  4 black mambas
  An ice statue (IceCv)
  A torpor snail (Lair:5)
  14 spiny frogs
  3 gargoyles
  Psyche (D:8)
  A rime drake (Lair:1)
  An efreet (D:15)
  10 yaktaurs
  14 demonic crawlers
  7 komodo dragons
  6 trolls
  3 meliai (Spider:2)
  19 polar bears
  6 tyrant leeches
  34 jumping spiders
  A queen bee (D:9)
  24 blink frogs
  7 two-headed ogres
  38 hornets
  4 bog bodies
  13 hippogriffs
  36 slime creatures
  A raiju (shapeshifter) (Vaults:1)
  34 tarantellas
  Sigmund (D:5)
  26 spriggans
  59 redbacks
  A tarantella (shapeshifter) (Vaults:1)
  2 wraiths
  3 hogs (Swamp:3)
  Grum (D:9)
  5 wyverns
  2 steam dragons (Swamp:4)
  67 yaks
  A basilisk (Lair:6)
  2 mottled dragons
  21 vampire mosquitoes
  3 insubstantial wisps (Swamp:3)
  32 swamp worms
  A soldier ant (D:13)
  9 porcupines
  11 water moccasins
  6 ice beasts
  6 black bears
  A phantom (D:9)
  An ice beast (shapeshifter) (Vaults:2)
  14 swamp drakes
  33 orc warriors
  An eye of draining (Lair:6)
  5 sky beasts
  A slave (D:8)
  2 boggarts (Lair:6)
  43 wolves
  A hornet zombie (D:13)
  17 centaurs
  20 ogres
  9 crocodiles
  5 big kobolds
  20 bullfrogs
  A human skeleton (Vaults:1)
  An ogre simulacrum (Vaults:1)
  A wyvern zombie (D:14)
  6 scorpions
  13 killer bees (D:9)
  10 electric eels
  17 wights
  A howler monkey (D:6)
  5 crimson imps
  A bullfrog zombie (D:12)
  3 lava snakes
  3 human simulacra (Vaults:1)
  3 hounds
  4 jellies
  18 orc priests
  2 bullfrog skeletons
  35 orc wizards
  6 centaur skeletons
  2 iguanas
  10 worker ants
  2 yak simulacra (Lair:3)
  A polar bear simulacrum (Lair:3)
  7 wolf simulacra (Lair:3)
  4 hound skeletons
  Robin (D:3)
  4 gnolls (D:11)
  A howler monkey skeleton (D:11)
  8 adders
  2 shadow imps
  3 oozes
  3 adder skeletons
  5 worms
  119 orcs
  4 ball pythons
  A giant cockroach (D:3)
  4 hobgoblins
  8 jackals
  33 kobolds
  5 quokkas
  9 bats
  10 frilled lizards
  A giant cockroach zombie (D:5)
  19 goblins
  2 quokka skeletons
  12 rats
  A river rat simulacrum (Lair:3)
  2 briar patches (Swamp:1)
  A fire vortex (Lair:1)
1384 creatures vanquished.

Vanquished Creatures (others)
  A hydra (Swamp:4)
  A lindwurm (Swamp:4)
  A deep elf mage (Vaults:2)
  A hornet (Swamp:3)
  A spriggan (Swamp:2)
  A human (Swamp:3)
  8 swamp drakes (Swamp:4)
  A crimson imp (D:8)
  A briar patch (Swamp:1)
  11 fungi
  14 plants
41 creatures vanquished.

Grand Total: 1425 creatures vanquished

Notes
Turn   | Place    | Note
-------+----------+-------------------------------------------
     0 | D:1      | kae the Formicid Fighter began the quest for the Orb.
     0 | D:1      | Reached XP level 1. HP: 18/18 MP: 1/1
     3 | D:1      | Noticed an electric eel
     3 | D:1      | Noticed an electric eel
   237 | D:1      | Reached XP level 2. HP: 24/24 MP: 2/2
   656 | D:1      | Reached XP level 3. HP: 29/29 MP: 3/3
  1538 | D:2      | Reached XP level 4. HP: 35/35 MP: 4/4
  1561 | D:3      | Reached skill level 3 in Maces & Flails
  1917 | D:3      | Reached XP level 5. HP: 34/42 MP: 5/5
  2060 | D:3      | Noticed Robin
  2099 | D:3      | Killed Robin
  2752 | D:3      | Reached XP level 6. HP: 46/48 MP: 6/6
  2828 | D:4      | Found a snail-covered altar of Cheibriados.
  2843 | D:4      | Reached skill level 4 in Maces & Flails
  2843 | D:4      | Reached skill level 5 in Shields
  3058 | D:4      | Noticed an ogre
  3063 | D:4      | Noticed an ogre
  3191 | D:4      | Reached XP level 7. HP: 49/55 MP: 7/7
  3378 | D:4      | Reached skill level 5 in Maces & Flails
  3695 | D:4      | Reached skill level 5 in Armour
  4026 | D:5      | Entered Level 5 of the Dungeon
  4036 | D:5      | Found a staircase to the Ecumenical Temple.
  4098 | Temple   | Entered the Ecumenical Temple
  4224 | Temple   | Became a worshipper of Warmaster Okawaru
  4324 | D:5      | Noticed Sigmund
  4343 | D:5      | Killed Sigmund
  4343 | D:5      | Reached skill level 5 in Fighting
  4343 | D:5      | Reached XP level 8. HP: 48/62 MP: 8/8
  4507 | D:5      | Reached * piety under Okawaru
  4566 | D:5      | Found a hazy altar of Hepliaklqana.
  4566 | D:5      | Found an ancient bone altar of Kikubaaqudgha.
  4572 | D:5      | Reached skill level 6 in Maces & Flails
  4904 | D:6      | Got a pair of bloodstained boots
  4935 | D:6      | Identified the +0 pair of boots of Elyvilon's Benevolence {rC+} (You found it on level 6 of the Dungeon)
  4975 | D:6      | Found a shadowy altar of Dithmenos.
  5090 | D:6      | Reached XP level 9. HP: 26/69 MP: 9/9
  5094 | D:6      | Got a smoking whip {flame}
  5401 | D:6      | Identified the +9 whip of Turmoil {flame, Dex+4} (You took it off an orc wizard on level 6 of the Dungeon)
  5681 | D:6      | Reached skill level 7 in Maces & Flails
  6008 | D:7      | Reached ** piety under Okawaru
  6008 | D:7      | Reached skill level 1 in Invocations
  6329 | D:7      | Found Empaseen's Distillery.
  6336 | D:7      | Bought a potion of heal wounds for 75 gold pieces
  6336 | D:7      | Bought a potion of degeneration for 15 gold pieces
  6336 | D:7      | Bought a potion of flight for 45 gold pieces
  6620 | D:8      | Found a staircase to the Lair.
  6657 | D:8      | Found a radiant altar of Vehumet.
  6710 | D:8      | Noticed Gastronok
  6731 | D:8      | Killed Gastronok
  6731 | D:8      | Reached *** piety under Okawaru
  6731 | D:8      | Reached **** piety under Okawaru
  6731 | D:8      | Reached skill level 9 in Maces & Flails
  6731 | D:8      | Reached XP level 10. HP: 50/79 MP: 9/13
  6765 | D:8      | Noticed Erica
  6769 | D:8      | Noticed Psyche
  6788 | D:8      | Killed Erica
  6789 | D:8      | Killed Psyche
  6933 | D:8      | Noticed Pikel
  6945 | D:8      | Killed Pikel
  6945 | D:8      | Reached ***** piety under Okawaru
  6945 | D:8      | Reached skill level 5 in Invocations
  6945 | D:8      | Reached XP level 11. HP: 77/86 MP: 14/14
  7002 | D:8      | Received a gift from Okawaru
  7346 | D:9      | Noticed Grum
  7358 | D:9      | Killed Grum
  7358 | D:9      | Reached skill level 10 in Maces & Flails
  7692 | D:9      | Found a staircase to the Orcish Mines.
  7770 | D:9      | Found a basalt altar of Yredelemnul.
  7865 | D:9      | Noticed a moth of wrath
  7934 | D:9      | Found a bloodstained altar of Trog.
  7961 | D:9      | Killed a moth of wrath
  8282 | Lair:1   | Entered Level 1 of the Lair of Beasts
  8352 | Lair:1   | Reached skill level 10 in Shields
  8660 | Lair:1   | Noticed Fannar
  8675 | Lair:1   | Killed Fannar
  8675 | Lair:1   | Received a gift from Okawaru
  8683 | Lair:1   | Reached skill level 11 in Maces & Flails
  8700 | Lair:1   | Reached XP level 12. HP: 87/94 MP: 17/17
  8967 | Lair:1   | Noticed a five-headed hydra
  8982 | Lair:1   | Killed a five-headed hydra
  9243 | Lair:2   | Received a gift from Okawaru
  9246 | Lair:2   | Got scorched swamp dragon scales {god gift}
  9257 | Lair:2   | Identified the +0 swamp dragon scales of the Sea {rElec rPois Str+7 Stlth+} (Okawaru gifted it to you on level 2 of the Lair of Beasts)
  9393 | Lair:2   | Noticed an eight-headed hydra
  9404 | Lair:2   | Killed an eight-headed hydra
  9584 | Lair:2   | Noticed Urug
  9606 | Lair:2   | Killed Urug
 10406 | Lair:3   | Reached skill level 12 in Maces & Flails
 10486 | Lair:3   | Reached skill level 10 in Armour
 10670 | Lair:3   | Reached XP level 13. HP: 103/103 MP: 19/19
 11026 | Lair:4   | Found a labyrinth entrance.
 11058 | Lab      | Entered a labyrinth
 11225 | Lab      | Noticed a minotaur
 11238 | Lab      | Killed a minotaur
 11238 | Lab      | Reached skill level 10 in Fighting
 11244 | Lab      | Identified Lanousch's Tome of Supportive Battle Magic
 11299 | Lair:4   | Noticed a four-headed hydra
 11313 | Lair:4   | Killed a four-headed hydra
 11434 | Lair:4   | Noticed Nessos
 11458 | Lair:4   | Killed Nessos
 11581 | Lair:4   | Reached ****** piety under Okawaru
 11588 | Lair:4   | Reached skill level 13 in Maces & Flails
 11626 | Lair:4   | Found a hole to the Spider Nest.
 11646 | Lair:4   | Found a frozen archway.
 11646 | Lair:4   | Noticed an ice dragon
 11653 | Lair:4   | Received a gift from Okawaru
 11668 | Lair:4   | Killed an ice dragon
 11696 | Lair:4   | Reached skill level 10 in Invocations
 11715 | IceCv    | Entered an ice cave
 12032 | IceCv    | Noticed Quirk's ghost (novice DsFi)
 12067 | IceCv    | Killed Quirk's ghost
 12167 | IceCv    | Reached XP level 14. HP: 110/113 MP: 21/21
 12341 | IceCv    | Noticed a frost giant
 12361 | IceCv    | Killed a frost giant
 12974 | Lair:4   | Reached skill level 14 in Maces & Flails
 13343 | Lair:4   | Found a staircase to the Swamp.
 13523 | Lair:5   | Noticed Snorg
 13563 | Lair:4   | Killed Snorg
 13722 | Lair:4   | Received a gift from Okawaru
 14481 | Lair:6   | Entered Level 6 of the Lair of Beasts
 14765 | Lair:6   | Reached XP level 15. HP: 120/120 MP: 23/23
 14785 | Lair:6   | Received a gift from Okawaru
 14815 | Lair:6   | Reached skill level 15 in Maces & Flails
 14821 | Lair:6   | Got a bloodstained flail {god gift}
 14845 | Lair:6   | Identified the +7 flail "Poomepue" {flame, rN+++ Str-4 Int-3} (Okawaru gifted it to you on level 6 of the Lair of Beasts)
 15368 | Lair:6   | Found a bloodstained altar of Trog.
 15468 | Lair:6   | Found a staircase to the Slime Pits.
 15489 | Lair:6   | Found a viscous altar of Jiyva.
 15673 | Lair:6   | Received a gift from Okawaru
 16379 | D:10     | Entered Level 10 of the Dungeon
 16403 | D:10     | Received a gift from Okawaru
 17592 | D:11     | Noticed markt42's ghost (journeyman MiFi)
 17617 | D:11     | Killed markt42's ghost
 18363 | D:12     | Noticed Harold
 18376 | D:12     | Killed Harold
 18488 | D:12     | Noticed Apogee's ghost (journeyman MiFi)
 18513 | D:12     | Killed Apogee's ghost
 18622 | D:12     | Reached skill level 16 in Maces & Flails
 19027 | D:13     | Reached XP level 16. HP: 130/130 MP: 25/25
 19041 | D:13     | Found a gate to the Vaults.
 19284 | D:13     | Received a gift from Okawaru
 19287 | D:13     | Got a smoking plate armour {god gift}
 19298 | D:13     | Identified the +4 plate armour "Oceexeun" {Str+2 Int+2 Stlth+} (Okawaru gifted it to you on level 13 of the Dungeon)
 19707 | D:13     | Got a smoking flail
 19708 | D:13     | Identified the cursed +1 flail "Dragon's Curse" {drain, rF+} (You found it on level 13 of the Dungeon)
 19843 | D:14     | Noticed Louise
 19967 | D:14     | Killed Louise
 20750 | D:15     | Entered Level 15 of the Dungeon
 21129 | D:15     | Received a gift from Okawaru
 21642 | D:15     | Found a staircase to the Depths.
 21931 | Orc:1    | Entered Level 1 of the Orcish Mines
 21990 | Orc:1    | Noticed Erolcha
 22000 | Orc:1    | Killed Erolcha
 22483 | Orc:1    | Noticed Nergalle
 22504 | Orc:1    | Killed Nergalle
 22504 | Orc:1    | Reached skill level 17 in Maces & Flails
 22622 | Orc:2    | Entered Level 2 of the Orcish Mines
 22882 | Orc:2    | Reached XP level 17. HP: 86/138 MP: 20/27
 22963 | Orc:2    | Received a gift from Okawaru
 23028 | Orc:2    | Got a transparent flail {god gift}
 23107 | Orc:2    | Identified the +10 flail of Guile {crush, Dex+7} (Okawaru gifted it to you on level 2 of the Orcish Mines)
 23216 | Orc:2    | Found a roughly hewn altar of Beogh.
 23229 | Orc:2    | Found Vuast's Armour Shoppe.
 23326 | Orc:2    | Found a roughly hewn altar of Beogh.
 23514 | Orc:2    | Found a roughly hewn altar of Beogh.
 23581 | Orc:2    | Found a roughly hewn altar of Beogh.
 23638 | Orc:2    | Found a staircase to the Elven Halls.
 23745 | Orc:2    | Found a roughly hewn altar of Beogh.
 23746 | Orc:2    | Found Asinaso's Book Boutique.
 24011 | Orc:2    | Found Aceczoto's Antique Weapon Emporium.
 24012 | Orc:2    | Found a roughly hewn altar of Beogh.
 24013 | Orc:2    | Found Domauv's Antique Armour Shoppe.
 24020 | Orc:2    | Bought a pair of embroidered gloves for 241 gold pieces
 24030 | Orc:2    | Bought a pair of glowing gloves for 241 gold pieces
 24587 | Spider:1 | Entered Level 1 of the Spider Nest
 24968 | Spider:1 | Noticed Nikola
 25144 | Spider:1 | Killed Nikola
 25197 | Spider:1 | Received a gift from Okawaru
 25439 | Spider:2 | Noticed Arachne
 25466 | Spider:2 | Killed Arachne
 25753 | Spider:2 | HP: 7/140 [disintegration (32)]
 26345 | Spider:2 | Reached skill level 18 in Maces & Flails
 26772 | Spider:3 | Received a gift from Okawaru
 26902 | Spider:3 | Got a crystal fustibalus {god gift}
 27078 | Spider:3 | Noticed Bai Suzhen
 27166 | Spider:3 | Killed Bai Suzhen
 27166 | Spider:3 | Reached XP level 18. HP: 64/148 MP: 13/28
 27780 | Spider:3 | Received a gift from Okawaru
 28144 | Spider:3 | Identified the +11 fustibalus of Heav {freeze, rC+ rN+ Str+2 Int+4} (Okawaru gifted it to you on level 3 of the Spider Nest)
 28217 | Spider:4 | Entered Level 4 of the Spider Nest
 28596 | Spider:3 | Reached skill level 15 in Armour
 28791 | Spider:4 | Reached skill level 15 in Fighting
 29226 | Spider:4 | Received a gift from Okawaru
 29318 | Spider:4 | Reached skill level 15 in Invocations
 29617 | Spider:4 | Received a gift from Okawaru
 29652 | Spider:4 | Got an encrusted cloak {god gift}
 29826 | Spider:4 | Identified the +2 cloak of Intercession {*Drain rC+ MP+9 Int+2} (Okawaru gifted it to you on level 4 of the Spider Nest)
 30057 | Spider:4 | Reached skill level 19 in Maces & Flails
 30814 | Spider:4 | Got a gossamer rune of Zot
 31020 | Swamp:1  | Entered Level 1 of the Swamp
 31109 | Swamp:2  | Reached XP level 19. HP: 124/155 MP: 30/30
 31292 | Swamp:2  | Got a clouded jade amulet
 31442 | Swamp:2  | Noticed Lluna's ghost (journeyman SpEn)
 31565 | Swamp:2  | Killed Lluna's ghost
 32568 | Swamp:3  | Noticed Jorgrun
 32587 | Swamp:3  | Killed Jorgrun
 32587 | Swamp:3  | Received a gift from Okawaru
 32751 | Swamp:3  | Noticed Kirke
 32760 | Swamp:3  | Killed Kirke
 33083 | Swamp:4  | Entered Level 4 of the Swamp
 33245 | Swamp:4  | Identified the amulet "Hicu" {Inacc +Blink rPois Str-2} (You found it on level 2 of the Swamp)
 33498 | Swamp:4  | Cast into level 4 of the Abyss (the power of Zot)
 33504 | Swamp:4  | Escaped the Abyss
 33548 | Swamp:3  | Received a gift from Okawaru
 33855 | Swamp:4  | Reached skill level 20 in Maces & Flails
 34495 | Swamp:4  | Got a decaying rune of Zot
 34582 | Swamp:4  | Received a gift from Okawaru
 34745 | Swamp:4  | Reached XP level 20. HP: 156/164 MP: 32/32
 35343 | Swamp:1  | Received a gift from Okawaru
 35851 | Vaults:1 | Entered Level 1 of the Vaults
 36863 | Vaults:1 | Found a gateway to a bazaar.
 37515 | Vaults:2 | HP: 2/166 [vault warden/glaive (19)]
 37518 | Vaults:2 | Mangled by a very large slime creature

Skill      XL: |  1  2  3  4  5  6  7  8  9 10 11 12 13 14 15 16 17 18 19 |
---------------+----------------------------------------------------------+-----
Shields        | 4 5 6 8 10 11 | 11.0
Maces & Flails | 3 4 5 6 9 11 12 13 14 16 17 18 19 20 | 20.6
Armour         | 4 5 6 7 8 9 10 11 12 13 14 15 16 | 16.7
Fighting       | 4 5 6 7 8 9 11 13 14 15 16 | 16.5
Invocations    | 4 5 7 8 10 11 12 13 14 15 16 | 16.9

Action                   |  1- 3 |  4- 6 |  7- 9 | 10-12 | 13-15 | 16-18 | 19-21 || total
-------------------------+-------+-------+-------+-------+-------+-------+-------++-------
Melee: Flail             |   124 |   231 |   161 |       |       |   530 |  1162 ||  2208
       Whip              |       |       |    86 |   583 |  1652 |  1766 |       ||  4087
Throw: Throwing net      |       |       |     1 |       |       |       |       ||     1
Invok: Heroism           |       |       |     1 |     9 |    14 |    19 |    12 ||    55
       Finesse           |       |       |       |       |     1 |     4 |     2 ||     7
 Abil: Dig               |       |    14 |     2 |     6 |    19 |    20 |       ||    61
  Use: Scroll            |     5 |       |     8 |     1 |    12 |    11 |     6 ||    43
       Potion            |       |       |     1 |     2 |       |     5 |     8 ||    16
 Stab: Sleeping          |       |       |       |     1 |     8 |     4 |     7 ||    20
       Distracted        |       |       |       |       |     1 |     3 |     2 ||     6
       Invisible         |       |       |       |       |       |    16 |       ||    16
  Eat: Chunk             |     2 |     6 |    12 |    13 |    23 |    30 |    24 ||   110
       Beef jerky        |       |       |       |       |     2 |       |       ||     2
       Bread ration      |       |       |       |       |     1 |     2 |       ||     3
       Royal jelly       |       |       |       |       |       |     1 |       ||     1
       Fruit             |       |       |       |       |       |     1 |       ||     1
Armor: Scale mail        |    46 |   117 |    61 |    73 |       |       |       ||   297
       Skin              |       |       |       |     5 |       |       |       ||     5
       Swamp dragon scal |       |       |       |    37 |   435 |   680 |   375 ||  1527
       Plate armour      |       |       |       |       |       |   213 |       ||   213
Dodge: Dodged            |    52 |    92 |    61 |    99 |   328 |   589 |   312 ||  1533
Block: Shield            |    61 |   164 |   121 |   246 |   888 |  1393 |   900 ||  3773
